 Dungeon Crawl Stone Soup version 0.30-a0-140-gd1020e658a (webtiles) character file.

Game seed: 7422014902887384735

247 qw the Chopper (level 6, -1/37 HPs)
             Began as a Gargoyle Fighter on Sept 24, 2022.
             Slain by a yak (5 damage)
             ... on level 4 of the Dungeon.
             The game lasted 00:01:07 (3193 turns).

qw the Chopper (Gargoyle Fighter)                   Turns: 3193, Time: 00:01:07

Health: -1/37      AC: 11    Str: 19 (21) XL:     6   Next: 11%
Magic:  6/6        EV:  7    Int:  9      God:
Gold:   191        SH:  4    Dex:  9      Spells: 5/5 levels left

rFire   + . .      SeeInvis .    Y - +1 war axe
rCold   + . .      Faith    .    c - +0 buckler
rNeg    + . .      Spirit   .    a - +0 chain mail
rPois   inf        Reflect  .    (no helmet)
rElec   +          Harm     .    e - +0 cloak
rCorr   .          Rampage  .    g - +0 pair of gloves "Esoesh" {*Corrode rF+ rC+}
Will    .....                    (no boots)
Stlth   ..........               (no amulet)
HPRegen 0.12/turn                (no ring)
MPRegen 0.10/turn                (no ring)

@: corroded
A: sickness immunity, AC +4, negative energy resistance 1, electricity
resistance, torment resistance 1, petrification resistance
a: no special abilities


You were on level 4 of the Dungeon.
You visited 1 branch of the dungeon, and saw 4 of its levels.

You collected 191 gold pieces.


Innate Abilities, Weirdness & Mutations

You are immune to sickness and miasma.
Your stone body is resilient. (AC +4)
You are immune to poison.
You resist negative energy. (rN+)
You are resistant to electric shocks. (rElec)
You are resistant to unholy torment.
You are immune to petrification.


   Skills:
 + Level 3.3 Fighting
 - Level 5.6 Axes
 - Level 3.2 Armour
 - Level 3.2 Shields


You had 5 spell levels left.
You didn't know any spells.
Your spell library was empty.

Inventory:

Hand Weapons
 o - a +0 morningstar
 Y - a +1 war axe (weapon)
Missiles
 p - 4 boomerangs (quivered)
Armour
 a - a +0 chain mail (worn)
 c - a +0 buckler (worn)
 e - a +0 cloak (worn)
 g - the +0 pair of gloves "Esoesh" (worn) {*Corrode rF+ rC+}
   (You acquired it on level 2 of the Dungeon)

   rF:        It protects you from fire.
   rC:        It protects you from cold.
   *Corrode:  It may corrode you when you take damage.
 q - a +0 pair of gloves
Scrolls
 n - a scroll of identify
Potions
 d - 2 potions of might
 f - a potion of brilliance {unknown}
 h - a potion of attraction {unknown}
 i - a potion of berserk rage {unknown}
 k - a potion of cancellation {unknown}
 l - a potion of flight {unknown}

Dungeon Overview and Level Annotations

Branches:
Dungeon (4/15)
 Temple: D:4-7

Altars:

Annotations:
D:3 1 runed translucent door, qw's ghost, amateur GrFi


Message History

You barely miss the goblin. You barely miss the yak.
The yak barely misses you. x2; The goblin hits you with a +0 dagger.
You closely miss the yak.
The yak is lightly wounded.
You slash the yak! You slash the goblin!
You kill the goblin!
You completely miss the yak.
The yak gores you but does no damage. x2
The scorpion stings you but does no damage.
You slash the yak!
The yak is heavily wounded.
You hit the scorpion. You closely miss the yak.
You hit the yak but do no damage. You completely miss the orc.
You hit the yak but do no damage.
A goblin comes into view. It is wielding a +0 dagger.
The yak barely misses you. The yak gores you. The scorpion closely misses you.
The yak gores you.
You closely miss the yak.
The yak is heavily wounded.
The goblin shouts!
You hit the yak but do no damage. You barely miss the yak.
You hit the scorpion but do no damage. You hit the yak.
You closely miss the yak.
The scorpion stings you but does no damage.
The yak gores you but does no damage. The yak gores you. x2
You block the yak's attack. The yak barely misses you.
The scorpion barely misses you.
You slash the yak!
The yak is severely wounded.
You hit the yak. You slash the yak! You hit the scorpion but do no damage.
You hit the yak. x2
The yak gores you! The yak gores you but does no damage. The yak gores you!
The yak closely misses you. The yak barely misses you.
The scorpion stings you but does no damage.
You slash the yak!
The yak is almost dead.
You hit the yak. x2; You hit the scorpion.
You hit the yak but do no damage. x2
The scorpion barely misses you. The yak gores you but does no damage.
The yak gores you. x2
You die...

####.# #... ##
#.## #..... #
#..### #......
#~#..# ##.......
#~##.# #........
#~##%####........
#~##....#J......8
#~#####.)Ys......
#~# #.Y@YO.....
#~# ###YY.....8
#Yo......
#...g....
##....... #......
#..... #....


You could see 6 yaks, an ogre, a scorpion, a jelly, an orc and a goblin.

Vanquished Creatures
  A sky beast (D:4)
  An orc wizard (D:3)
  Terence (D:2)
  3 adders
  3 worms
  2 dart slugs
  3 orcs (D:3)
  2 bats
  5 endoplasms
  3 giant cockroaches
  6 goblins
  6 hobgoblins
  7 jackals
  2 quokkas
  6 ball pythons
  3 frilled lizards
  4 kobolds
  4 rats
62 creatures vanquished.

Notes
Turn   | Place    | Note
-------+----------+-------------------------------------------
     0 | D:1      | qw the Gargoyle Fighter began the quest for the Orb.
     0 | D:1      | Reached XP level 1. HP: 14/14 MP: 1/1
     0 | D:1      | 0 ||| qw: Version: 0.1.0-9-gbc19398
     0 | D:1      | 0 ||| qw: Game counter: 7
     0 | D:1      | 0 ||| qw: Always use a shield: true
     0 | D:1      | 0 ||| qw: God list: Okawaru
     0 | D:1      | 0 ||| qw: Allow faded altars: false
     0 | D:1      | 0 ||| qw: Do Orc after D:15 true
     0 | D:1      | 0 ||| qw: Do second Lair branch before Depths: true
     0 | D:1      | 0 ||| qw: Lair rune preference: random
     0 | D:1      | 0 ||| qw: Plans: Normal, Zot:1-4, God:TSO, Crypt, Tomb,
                  | Pan, Slime:5, Hells, Abyss, Orb
     0 | D:1      | 0 ||| PLANNING D:1-11
   196 | D:1      | Reached skill level 2 in Axes
   222 | D:1      | 222 ||| Stepping ~*~*~tactically~*~*~ (stealth).
   223 | D:1      | 223 ||| Stepping ~*~*~tactically~*~*~ (stealth).
   251 | D:1      | Reached XP level 2. HP: 19/19 MP: 2/2
   623 | D:1      | 623 ||| Stepping ~*~*~tactically~*~*~ (stealth).
   702 | D:1      | Reached skill level 3 in Axes
   848 | D:1      | 848 ||| Stepping ~*~*~tactically~*~*~ (stealth).
   852 | D:1      | 852 ||| Stepping ~*~*~tactically~*~*~ (stealth).
   857 | D:1      | 857 ||| Stepping ~*~*~tactically~*~*~ (stealth).
   875 | D:1      | 875 ||| Stepping ~*~*~tactically~*~*~ (stealth).
   887 | D:1      | Reached XP level 3. HP: 22/23 MP: 3/3
  1134 | D:1      | 1134 ||| UPGRADING to +0 cloak.
  1139 | D:1      | 1139 ||| READING scroll labelled RUSELU HOTSUUZ.
  1140 | D:1      | 1140 ||| READING scroll labelled HAICIU KEKHE.
  1503 | D:2      | Noticed Terence
  1511 | D:2      | Killed Terence
  1512 | D:2      | Reached XP level 4. HP: 16/28 MP: 4/4
  1672 | D:2      | 1672 ||| Stepping ~*~*~tactically~*~*~ (stealth).
  1677 | D:2      | Reached skill level 4 in Axes
  1679 | D:2      | 1679 ||| Stepping ~*~*~tactically~*~*~ (stealth).
  1680 | D:2      | 1680 ||| Stepping ~*~*~tactically~*~*~ (stealth).
  1747 | D:2      | Identified the +9 dagger "Narghajou" {vorpal, rN+ SInv}
  1804 | D:2      | Found a faded altar of an unknown god.
  2251 | D:2      | 2251 ||| UPGRADING to +0 pair of gloves.
  2256 | D:2      | 2256 ||| READING scroll labelled JABUC ZOEMU.
  2260 | D:2      | 2260 ||| READING scroll labelled BENUYB NUFEPEY.
  2261 | D:2      | 2261 ||| READING scroll labelled GOUCA ZUEPUE.
  2261 | D:2      | Identified a scroll of acquirement
  2261 | D:2      | 2261 ||| ACQUIRING +0 pair of gloves "Esoesh" {*Corrode rF+
                  | rC+}
  2261 | D:2      | Acquired the +0 pair of gloves "Esoesh" {*Corrode rF+ rC+}
  2263 | D:2      | 2263 ||| UPGRADING to +0 pair of gloves "Esoesh" {*Corrode
                  | rF+ rC+}.
  2273 | D:2      | 2273 ||| READING scroll labelled VEMPAH DAUN.
  2274 | D:2      | 2274 ||| DRINKING 2 murky amethyst potions.
  2275 | D:2      | 2275 ||| DROPPING potion of degeneration.
  2332 | D:3      | 2332 ||| DROPPING +0 club.
  2358 | D:3      | Found a runed translucent door.
  2359 | D:3      | Noticed qw's ghost (amateur GrFi)
  2375 | D:3      | Reached XP level 5. HP: 30/32 MP: 5/5
  2393 | D:3      | 2393 ||| DROPPING +0 whip.
  2394 | D:3      | 2394 ||| DROPPING +0 flail.
  2999 | D:3      | 2999 ||| UPGRADING to +0 chain mail.
  3009 | D:3      | 3009 ||| DROPPING +0 scale mail.
  3010 | D:3      | 3010 ||| READING scroll labelled JEFEDW NOSHYE.
  3011 | D:3      | 3011 ||| READING 2 scrolls labelled QYRAOSS JEFO.
  3012 | D:3      | 3012 ||| READING scroll labelled PEEMUCIMMA.
  3013 | D:3      | 3013 ||| DROPPING scroll of vulnerability.
  3029 | D:4      | 3029 ||| PLANNING SEWER
  3076 | D:4      | 3076 ||| Stepping ~*~*~tactically~*~*~ (hiding).
  3164 | D:4      | Noticed a sky beast
  3179 | D:4      | Killed a sky beast
  3180 | D:4      | Reached skill level 5 in Axes
  3180 | D:4      | Reached XP level 6. HP: 37/37 MP: 6/6
  3182 | D:4      | Noticed a yak
  3182 | D:4      | Noticed a yak
  3183 | D:4      | Noticed a yak
  3184 | D:4      | Noticed a yak
  3184 | D:4      | Noticed a yak
  3185 | D:4      | Noticed a yak
  3192 | D:4      | HP: 5/37 [yak (7)]
  3193 | D:4      | Slain by a yak

Levels and vault maps discovered:
D:1:      saegor_arrival_simple_b, layout_loops_ring
D:2:      layout_basic, ebering_ecumenical_altar_ruins, uniq_terence
D:3:      layout_basic, ebering_ghost_reflecting_pool
D:4:      kennysheep_big_flooded_room, layout_basic, portal_sewer_entry_d,
          uniq_natasha, uniq_edmund

Skill      XL: |  1  2  3  4  5 |
---------------+----------------+-----
Axes           | 2 3 4 5 |  5.6
Fighting       | |  3.3
Armour         | |  3.2
Shields        | |  3.2

Action                   |  1- 3 |  4- 6 || total
-------------------------+-------+-------++-------
Melee: War axe           |   107 |   102 ||   209
Throw: Boomerang         |       |    29 ||    29
  Use: Scroll            |     2 |     7 ||     9
       Potion            |       |     1 ||     1
Armor: Scale mail        |    61 |    33 ||    94
       Chain mail        |       |    25 ||    25
Dodge: Dodged            |    62 |    30 ||    92
Block: Buckler           |    17 |    16 ||    33

Table legend:
 A = Non-vault XP
 B = Vault XP
 C = Vault XP percentage of total XP
 D = Non-vault monster count
 E = Vault monster count
 F = Vault count percentage of total count
                 A         B        C        D         E       F
            +---------+---------+-------+---------+---------+-------
      Total |     303 |      50 |  14.2 |      60 |       2 |   3.2
            +---------+---------+-------+---------+---------+-------
        D:1 |      39 |       0 |   0.0 |      21 |       0 |   0.0
        D:2 |      45 |      36 |  44.4 |      16 |       1 |   5.9
        D:3 |      81 |       0 |   0.0 |      18 |       0 |   0.0
        D:4 |     138 |      14 |   9.2 |       5 |       1 |  16.7
            +---------+---------+-------+---------+---------+-------
